 Dungeon Crawl Stone Soup version 0.27-a0-1136-g0b992a5a9d (webtiles) character file.

Game seed: 4557197707683436346

1219 jasper the Ruffian (level 8, -7/68 HPs)
             Began as a Yellow Draconian Transmuter on May 4, 2021.
             Was an Initiate of Cheibriados.
             Mangled by a yak (13 damage)
             ... on level 7 of the Dungeon.
             The game lasted 00:11:11 (7873 turns).

jasper the Ruffian (Yellow Draconian Transmuter)    Turns: 7873, Time: 00:11:12

Health: -7/68      AC:  6    Str: 19    XL:     8   Next: 23%
Magic:  9/11       EV: 12    Int: 18    God:    Cheibriados [......]
Gold:   300        SH:  5    Dex: 12    Spells: 1/11 levels left

rFire    + + .     SeeInvis .     - Unarmed
rCold    . . .     Faith    .   (no shield)
rNeg     . . .     Spirit   .   (armour unavailable)
rPois    +         Reflect  +   (helmet restricted)
rElec    .         Harm     .   (no cloak)
rCorr    +         Rampage  .   (no gloves)
Will     .....                  (no boots)
Stlth    +.........             e - amulet of reflection
HPRegen  0.21/turn              k - ring of Amorality {rPois rF+ Str+6}
MPRegen  0.12/turn              f - ring of protection from fire

@: about to teleport, short of breath, wereblooded (expiring), very slightly
contaminated, invisible, very slow
A: spit acid, AC +6, unfitting armour, cold-blooded, acid resistance
a: Breathe Acid, Renounce Religion, Bend Time


You were on level 7 of the Dungeon.
You worshipped Cheibriados.
Cheibriados was noncommittal.
You visited 2 branches of the dungeon, and saw 8 of its levels.

You collected 300 gold pieces.

Inventory:

Missiles
 b - 177 stones
 j - 3 curare-tipped darts
 l - 56 poisoned darts
 p - 2 throwing nets
 r - 4 javelins
Jewellery
 d - a ring of poison resistance
 e - an amulet of reflection (around neck)
 f - a ring of protection from fire (right hand)
 k - the ring of Amorality (left hand) {rPois rF+ Str+6}
   (You found it on level 5 of the Dungeon)

   [ring of strength]

   It affects your strength (+6).
   It protects you from fire.
   It protects you from poison.
 n - an amulet of faith
Scrolls
 g - a scroll of immolation
Potions
 i - 2 potions of degeneration
 m - 2 potions of flight
 o - 3 potions of brilliance
 q - a potion of attraction {unknown}


   Skills:
 + Level 5.2 Fighting
 - Level 1.7 Dodging
 + Level 5.6 Unarmed Combat
 - Level 2.0 Spellcasting
 + Level 5.2 Transmutations
 + Level 1.7 Ice Magic
 * Level 4.9 Invocations


You had one spell level left.
You knew the following spells:

 Your Spells              Type           Power      Damage    Failure   Level
a - Beastly Appendage     Tmut           40%        N/A       2%          1
b - Wereblood             Tmut           20%        N/A       3%          2
c - Spider Form           Tmut/Pois      5%         N/A       19%         3
d - Ice Form              Ice/Tmut       14%        N/A       38%         4

Your spell library contained the following spells:

 Spells                   Type           Power      Damage    Failure   Level
 Animate Skeleton         Necr           2%         N/A       19%         1
 Corona                   Hex            1%         N/A       19%         1
 Magic Dart               Conj           4%         1d3       19%         1
 Pain                     Necr           4%         1d4       19%         1
 Ensorcelled Hibernation  Hex/Ice        10%        N/A       19%         2
 Searing Ray              Conj           2%         3d3       26%         2
 Confusing Touch          Hex            1%         N/A       47%         3
 Dazzling Flash           Conj/Hex       2%         N/A       47%         3
 Gell's Gravitas          Tloc           0%         N/A       47%         3
 Tukima's Dance           Hex            1%         N/A       47%         3
 Vampiric Draining        Necr           0%         2d6       47%         3
 Petrify                  Tmut/Erth      11%        N/A       52%         4
 Hydra Form               Tmut           10%        N/A       52%         5
 Yara's Violent Unravell  Hex/Tmut       5%         3d4       86%         5
 Animate Dead             Necr           0%         N/A       87%         4
 Fulminant Prism          Conj/Hex       0%         3d6       87%         4
 Iskenderun's Mystic Bla  Conj/Tloc      1%         2d3       87%         4
 Metabolic Englaciation   Hex/Ice        2%         N/A       98%         5
 Agony                    Necr           1%         N/A       99%         5


Dungeon Overview and Level Annotations

Branches:
Dungeon (7/15)             Temple (1/1) D:4

Altars:
Ashenzari
Cheibriados
Elyvilon
Fedhas
Hepliaklqana
Makhleb
Qazlal
Sif Muna
Trog
Vehumet


Innate Abilities, Weirdness & Mutations

You can spit globs of acid.
Your golden yellow scales are hard. (AC +6)
You cannot fit into any form of body armour.
You are cold-blooded and may be slowed by cold attacks.
You are resistant to acid. (rCorr)


Message History

You barely miss the yak.
The yak is severely wounded.
The yak closely misses you.
You hit the yak. You headbutt the yak!
You tail-slap the yak, but do no damage.
The yak is almost dead.
You have got your breath back.
The yak gores you!
* * * LOW HITPOINT WARNING * * *
You take 7 damage, and have 17/68 hp.
You hit the yak. You claw the yak.
You kill the yak!
Cheibriados appreciates the change of pace.
Press: ? - help, Shift-Dir - straight line, f - yak
Aim: a yak You spit a glob of acid.
The glob of acid hits the yak.
The yak is splashed with acid.
The yak is moderately wounded.
The acid splashes onto the yak!
The yak is splashed with acid.
You howl as the wereblood boils in your veins!
The yak gores you!
* * * LOW HITPOINT WARNING * * *
You take 10 damage, and have 8/68 hp.
You feel better. The yak gores you!
* * * LOW HITPOINT WARNING * * *
You regained 2 hp, and now have 10/68 hp.
You fade into invisibility!
You block the yak's attack.
You are very lightly contaminated with residual magic.
You hit the yak. Your kick misses the yak. Your headbutt misses the yak.
The yak is moderately wounded.
The yak gores you.
* * * LOW HITPOINT WARNING * * *
You take 5 damage, and have 5/68 hp.
As you read the scroll of teleportation, it crumbles to dust.
You feel strangely unstable.
Your horns disappear.
Your talons disappear.
Your primal bloodlust is almost over.
The yak gores you!
You die...

#####
#...##########
#.....@YY.....
#####....########.
...#....###.#
#..#........#
#..#...####.#
#..#...# #..#.###
#......#
#.####.###


You could see 2 yaks.

Vanquished Creatures
  2 yaks (D:7)
  A water moccasin (D:6)
  An ice beast (D:6)
  A kobold brigand (D:6)
  A phantom (D:6)
  3 scorpions
  2 hounds
  Jessica (D:3)
  An iguana (D:5)
  An orc wizard (D:4)
  A hound skeleton (D:4)
  10 gnolls
  2 adders
  2 white imps (D:6)
  An ufetubus (D:7)
  An adder skeleton (D:4)
  A worm (D:4)
  4 dart slugs
  13 orcs
  10 endoplasms
  3 giant cockroaches
  7 goblins
  7 hobgoblins
  11 jackals
  7 quokkas
  6 ball pythons
  3 bats
  4 frilled lizards
  14 kobolds
  5 rats
126 creatures vanquished.

Vanquished Creatures (others)
  4 plants (D:1)
4 creatures vanquished.

Grand Total: 130 creatures vanquished

Notes
Turn   | Place    | Note
-------+----------+-------------------------------------------
     0 | D:1      | jasper the Draconian Transmuter began the quest for the
                  | Orb.
     0 | D:1      | Reached XP level 1. HP: 16/16 MP: 3/3
   310 | D:1      | Reached XP level 2. HP: 15/23 MP: 5/5
   996 | D:1      | Reached XP level 3. HP: 23/29 MP: 6/6
  1772 | D:2      | Learned a level 2 spell: Wereblood
  1776 | D:2      | Learned a level 3 spell: Spider Form
  2152 | D:2      | Found a faded altar of an unknown god.
  2204 | D:2      | Found a broken altar of Ashenzari.
  2670 | D:3      | Reached XP level 4. HP: 36/37 MP: 5/7
  3296 | D:3      | Found a hazy altar of Hepliaklqana.
  3310 | D:3      | Noticed Jessica
  3319 | D:3      | Killed Jessica
  3747 | D:3      | Reached XP level 5. HP: 26/45 MP: 4/8
  4194 | D:3      | Found a bloodstained altar of Trog.
  4757 | D:4      | Found a shimmering blue altar of Sif Muna.
  4822 | D:4      | Reached XP level 6. HP: 43/52 MP: 9/9
  4967 | D:4      | Found a stormy altar of Qazlal.
  4988 | D:4      | Found a staircase to the Ecumenical Temple.
  5005 | Temple   | Entered the Ecumenical Temple
  5011 | Temple   | Became a worshipper of Cheibriados the Contemplative
  5088 | D:4      | Identified the +3 spear of Tension {antimagic, Will+}
  5151 | D:5      | Entered Level 5 of the Dungeon
  5236 | D:5      | Found a radiant altar of Vehumet.
  5289 | D:5      | Identified the ring of Amorality {rPois rF+ Str+6}
  5335 | D:5      | Reached skill level 1 in Invocations
  6408 | D:6      | Noticed an ice beast
  6458 | D:6      | Noticed a water moccasin
  6485 | D:6      | Killed a water moccasin
  6486 | D:6      | Reached skill level 5 in Unarmed Combat
  6486 | D:6      | Your scales start taking on a golden yellow colour.
  6486 | D:6      | Reached XP level 7. HP: 11/60 MP: 8/10
  6486 | D:6      | Gained mutation: You are resistant to acid. (rCorr) [Yellow
                  | Draconian growth]
  6994 | D:6      | Learned a level 4 spell: Ice Form
  7234 | D:6      | Reached skill level 1 in Ice Magic
  7412 | D:6      | Reached skill level 5 in Fighting
  7846 | D:7      | Noticed a yak
  7846 | D:7      | Noticed a yak
  7847 | D:7      | Noticed a yak
  7848 | D:7      | Noticed a yak
  7859 | D:7      | Killed a yak
  7860 | D:7      | Reached skill level 5 in Transmutations
  7860 | D:7      | Reached XP level 8. HP: 26/68 MP: 8/11
  7873 | D:7      | Mangled by a yak

Illustrated notes

Levels and vault maps discovered:
D:1:      lightli_arrival_noodles, layout_loops_ring, chequers_big_river
D:2:      layout_loops_ring, basic_altar, ebering_ecumenical_altar_hall,
          kennysheep_cluttered_room, chequers_decorated_corner
D:3:      layout_loops_ring, lemuel_doored_altar, lightli_temple_of_fire,
          serial_glass, glass_columns_a, glass_columns_b, uniq_jessica
D:4:      layout_rooms, lemuel_crystal_altar, kennysheep_little_box,
          minmay_temple_entry_sparse_star
D:5:      layout_loops_corners, nicolae_vehumet_altar_sigil,
          chequers_serial_rivers_large_a
D:6:      layout_cave_pods
D:7:      layout_basic, serial_shops, nicolae_shop_behind_doors
Temple:   eino_temple_rhombus

Skill      XL: |  1  2  3  4  5  6  7 |
---------------+----------------------+-----
Fighting       | 2 3 4 5 |  5.2
Transmutations | 3 4 5 |  5.2
Unarmed Combat | 4 5 |  5.6
Invocations    | 2 4 |  4.9
Ice Magic      | 1 |  1.7
Dodging        | |  1.7
Spellcasting   | |  2.0

Action                   |  1- 3 |  4- 6 |  7- 9 || total
-------------------------+-------+-------+-------++-------
Melee: Unarmed           |   147 |   224 |    67 ||   438
       Headbutt          |    12 |    17 |    10 ||    39
       Tailslap          |     9 |    28 |    13 ||    50
       Kick              |    19 |    44 |    16 ||    79
       Punch             |       |     4 |     1 ||     5
 Cast: Beastly Appendage |    33 |    34 |    10 ||    77
       Wereblood         |       |     4 |     1 ||     5
 Abil: Breathe Acid      |       |       |     7 ||     7
  Use: Scroll            |     4 |     3 |     4 ||    11
       Potion            |       |     3 |     2 ||     5
 Stab: Sleeping          |     1 |       |       ||     1
Armor: Skin              |    32 |    48 |    13 ||    93
Dodge: Dodged            |    81 |   101 |    42 ||   224
Block: Other             |       |     2 |    15 ||    17

Table legend: (Time is in decaauts)
 A = Elapsed time spent in this place.
 B = Non-inter-level travel time spent in this place.
 C = Inter-level travel time spent in this place.
 D = Time resting spent in this place.
 E = Time spent auto-exploring this place.
 F = Levels seen in this place.
 G = Mean time per level.
                   A        B        C        D        E       F      G
               +--------+--------+--------+--------+--------+-----+--------+
         Total |   8374 |   8078 |    296 |    740 |   6219 |   8 | 1046.8 |
       Dungeon |   8360 |   8071 |    289 |    740 |   6219 |   7 | 1194.3 |
        Temple |     14 |      8 |      6 |      0 |      0 |   1 |   14.0 |
               +--------+--------+--------+--------+--------+-----+--------+

Top non-repeatable levels by time:
     D:1: 1694 daAuts
     D:3: 1624 daAuts
     D:6: 1583 daAuts
     D:5: 1412 daAuts
     D:2: 960 daAuts
     D:4: 886 daAuts
     D:7: 198 daAuts
  Temple: 14 daAuts
